 Dungeon Crawl Stone Soup version 0.28.0-1-gb440e238dd (webtiles) character file.

Game seed: 15490597797627049699

3877 cbfl8 the Cleaver (level 10, 0/133 HPs)
             Began as a Minotaur Berserker on Feb 22, 2022.
             Was an Elder of Trog.
             Slain by a nine-headed hydra (3 damage)
             ... on level 7 of the Dungeon.
             The game lasted 00:21:07 (12378 turns).

cbfl8 the Cleaver (Minotaur Berserker)             Turns: 12378, Time: 00:21:08

Health: 0/133      AC: 15    Str: 26    XL:     10   Next: 0%
Magic:  9/9        EV:  9    Int:  4    God:    Trog [****..]
Gold:   253        SH:  0    Dex: 10    Spells: 9/9 levels left

rFire   + . .      SeeInvis .   H - -3 double sword
rCold   . . .      Faith    .   (no shield)
rNeg    . . .      Spirit   .   N - +0 plate armour
rPois   .          Reflect  .   E - +1 hat
rElec   .          Harm     .   (no cloak)
rCorr   .          Rampage  .   (no gloves)
Will    ++...                   (no boots)
Stlth   ..........              (no amulet)
HPRegen 1.32/turn               B - ring of protection from fire
MPRegen 0.11/turn               (no ring)

@: berserking, strong-willed, regenerating, very quick
A: horns 2, retaliatory headbutt
a: Renounce Religion, Berserk, Trog's Hand, Brothers in Arms


You were on level 7 of the Dungeon.
You worshipped Trog.
Trog was greatly pleased with you.
You visited 1 branch of the dungeon, and saw 7 of its levels.
You also visited: Sewer.

You collected 255 gold pieces.
You spent 2 gold pieces at shops.

Inventory:

Hand Weapons
 a - a +0 hand axe
 D - a +0 hand axe of electrocution
 F - a -3 executioner's axe
 G - a +2 morningstar of pain
 H - a -3 double sword (weapon)
Missiles
 A - a throwing net (quivered)
Armour
 b - a +0 animal skin
 d - a +0 chain mail
 C - a +1 ring mail
 E - a +1 hat (worn)
 N - a +0 plate armour (worn)
Magical Staves
 r - a staff of death
 L - a staff of earth
Jewellery
 B - a ring of protection from fire (left hand)
Wands
 q - a wand of flame (17)
Scrolls
 f - a scroll of fog {unknown}
 g - 4 scrolls of enchant weapon
 l - 2 scrolls of amnesia
 o - 2 scrolls of enchant armour
 t - 3 scrolls of acquirement {unknown}
 u - 2 scrolls of holy word
 w - a scroll of brand weapon {unknown}
 x - 3 scrolls of teleportation
 y - 3 scrolls of magic mapping
 I - a scroll of identify
 M - a scroll of summoning {unknown}
Potions
 c - 4 potions of might {unknown}
 e - a potion of flight
 h - 3 potions of heal wounds {unknown}
 i - 5 potions of brilliance {unknown}
 j - a potion of cancellation {unknown}
 k - 2 potions of berserk rage {unknown}
 m - 2 potions of haste {unknown}
 n - 6 potions of mutation {unknown}
 p - a potion of invisibility {unknown}
 s - 2 potions of curing {unknown}
 v - a potion of degeneration {unknown}
 z - 2 potions of ambrosia {unknown}
 J - a potion of attraction {unknown}
 K - a potion of lignification {unknown}


   Skills:
 + Level 8.3 Fighting
 + Level 0.8(1.0) Short Blades
 + Level 0.9(1.1) Long Blades
 + Level 11.2 Axes
 + Level 9.7 Armour
 + Level 5.1 Dodging
 + Level 2.0 Stealth


You had 9 spell levels left.
You didn't know any spells.
Your spell library contained the following spells:

 Spells                   Type           Power      Damage    Failure   Level
 Corpse Rot               Necr/Air       0%         N/A       100%        2
 Poisonous Vapours        Pois/Air       0%         N/A       100%        2
 Gell's Gravitas          Tloc           0%         N/A       100%        3
 Lesser Beckoning         Tloc           0%         N/A       100%        3
 Teleport Other           Tloc           0%         N/A       100%        3
 Summon Ice Beast         Ice/Summ       0%         N/A       100%        4
 Summon Mana Viper        Hex/Summ       0%         N/A       100%        5
 Monstrous Menagerie      Summ           0%         N/A       100%        7


Dungeon Overview and Level Annotations

Branches:
Dungeon (7/15)             Temple (0/1) D:5           Sewer (visited)

Altars:
Okawaru
Uskayaw
Zin
Beogh

Shops:
D:5 *   D:6 *


Innate Abilities, Weirdness & Mutations

You have a pair of horns on your head.
You reflexively headbutt those who attack you in melee.


Message History

The eight-headed hydra bites you!
The eight-headed hydra bites you but does no damage. x2
The troll bites the plant.
The plant begins to die.
The troll claws the plant! x2
The eight-headed hydra bites you but does no damage. x2
The eight-headed hydra closely misses you.
The eight-headed hydra bites you but does no damage.
The eight-headed hydra bites you. The eight-headed hydra bites you!
The eight-headed hydra bites you but does no damage.
The eight-headed hydra bites you.
Your skin crawls.
You feel strong-willed.
The troll bites the plant.
The troll claws the plant!
The troll claws the plant.
The eight-headed hydra bites you but does no damage. x4
The eight-headed hydra bites you. x2; The eight-headed hydra bites you!
* * * LOW HITPOINT WARNING * * *
The eight-headed hydra bites you but does no damage.
A red film seems to cover your vision as you go berserk!
You feel yourself moving faster!
You feel mighty!
The troll bites the plant!
The troll claws the plant!
The troll claws the plant.
The eight-headed hydra bites you.
* * * LOW HITPOINT WARNING * * *
The eight-headed hydra barely misses you.
The eight-headed hydra bites you!
* * * LOW HITPOINT WARNING * * *
The eight-headed hydra bites you.
* * * LOW HITPOINT WARNING * * *
The eight-headed hydra bites you but does no damage.
The eight-headed hydra misses you. The eight-headed hydra bites you!
* * * LOW HITPOINT WARNING * * *
The eight-headed hydra bites you but does no damage.
You hack one of the eight-headed hydra's heads off!
The seven-headed hydra grows two more!
You hit the nine-headed hydra.
The nine-headed hydra is lightly wounded.
The troll bites the plant.
The troll claws the plant!
The troll claws the plant.
The nine-headed hydra bites you!
* * * LOW HITPOINT WARNING * * *
The nine-headed hydra bites you but does no damage.
The nine-headed hydra bites you.
You die...

..#.....#...........####'##
..#.....#.... #...........#
..'.....#....##...........#
..#.....#.....P.......)...#
..#.....#.................#
#.....#...........#######
#.....#..#P..P#...#.....#
#.....# ##..##...#.....#
#.....# #P.@.#...'.....#
#.....# ##♣D.##..#.))..#
####.....#
TP.P#..#..)..#####
.........#
.≈≈..#..###'##.....
.........#
..≈≈..#...#...#.....
[........#
#P....P#...#...'.....
.........#
##..♣###...#...#.....
.........#
#....#....#...#.....
........†# #..## #...#.....


You could see a nine-headed hydra and a troll.

Vanquished Creatures
  Maggie (D:6)
  Grinder (D:6)
  Prince Ribbit (D:7)
  Sigmund (D:6)
  3 steam dragons
  A water moccasin (D:6)
  2 orc warriors
  2 sky beasts
  A black bear (D:5)
  A necrophage (D:6)
  6 ogres
  2 kobold brigands (Sewer)
  4 scorpions
  A wyvern skeleton (D:7)
  3 hounds
  5 jellies
  A bullfrog skeleton (D:6)
  2 centaur skeletons
  A gnoll shaman (D:5)
  4 orc priests
  4 orc wizards
  A killer bee zombie (D:7)
  The ghost of Icepheonix32 the Sneak, a weakling DsDe (D:5)
  13 gnolls
  17 adders
  4 river rats (Sewer)
  A shadow imp (D:7)
  A white imp (D:5)
  An ufetubus (D:5)
  An adder skeleton (D:3)
  5 worms
  5 dart slugs
  29 orcs
  4 bats
  5 endoplasms
  2 giant cockroaches
  6 goblins
  7 hobgoblins
  6 jackals
  3 quokkas
  9 ball pythons
  A ball python skeleton (D:2)
  4 frilled lizards
  22 kobolds
  17 rats
212 creatures vanquished.

Vanquished Creatures (others)
  A scorpion (D:5)
  An orc (D:6)
  3 plants
5 creatures vanquished.

Grand Total: 217 creatures vanquished

Notes
Turn   | Place    | Note
-------+----------+-------------------------------------------
     0 | D:1      | cbfl8 the Minotaur Berserker began the quest for the Orb.
     0 | D:1      | Reached XP level 1. HP: 19/19 MP: 0/0
   193 | D:1      | Reached XP level 2. HP: 9/27 MP: 1/1
   750 | D:1      | Reached skill level 4 in Axes
   810 | D:1      | Found a faded altar of an unknown god.
  1071 | D:2      | Reached XP level 3. HP: 33/33 MP: 2/2
  1734 | D:2      | Reached ** piety under Trog
  1795 | D:2      | Reached XP level 4. HP: 40/41 MP: 3/3
  2461 | D:3      | Found an iron altar of Okawaru.
  2497 | D:3      | Found a hide-covered altar of Uskayaw.
  2500 | D:3      | Found a glowing silver altar of Zin.
  2690 | D:3      | Reached XP level 5. HP: 45/47 MP: 4/4
  2787 | D:3      | Reached skill level 5 in Axes
  3449 | D:4      | Reached skill level 5 in Fighting
  3515 | D:4      | Noticed an ogre
  3525 | D:4      | Killed an ogre
  3526 | D:4      | Reached XP level 6. HP: 28/56 MP: 5/5
  4037 | D:4      | Reached skill level 5 in Armour
  4128 | D:4      | Reached skill level 6 in Axes
  4959 | D:5      | Entered Level 5 of the Dungeon
  5292 | D:5      | Noticed a steam dragon
  5337 | D:5      | Reached XP level 7. HP: 45/61 MP: 6/6
  5338 | D:5      | Found a glowing drain.
  5353 | Sewer    | Entered a sewer
  5453 | Sewer    | Reached *** piety under Trog
  6564 | D:5      | Reached skill level 7 in Axes
  6569 | D:5      | Reached **** piety under Trog
  6624 | D:5      | Found Fuolafaf's Assorted Antiques.
  6644 | D:5      | Found a staircase to the Ecumenical Temple.
  6682 | D:5      | Noticed a steam dragon
  6695 | D:5      | Killed a steam dragon
  6700 | D:5      | Reached XP level 8. HP: 63/70 MP: 7/7
  6837 | D:5      | Reached skill level 8 in Axes
  8232 | D:5      | Found a runed translucent gate.
  8235 | D:5      | Found a runed translucent gate.
  8235 | D:5      | Noticed Icepheonix32's ghost (weakling DsDe)
  8236 | D:5      | Found a runed translucent gate.
  8236 | D:5      | Identified the +9 dagger of Untimely Demise {venom, Fragile
                  | Will+ Int+4}
  8280 | D:5      | Reached skill level 9 in Axes
  8286 | D:5      | Killed Icepheonix32's ghost
  8318 | D:5      | Reached skill level 1 in Stealth
  8415 | D:6      | Noticed Maggie
  8734 | D:6      | Killed Maggie
  8735 | D:6      | Reached XP level 9. HP: 78/78 MP: 8/8
  8760 | D:6      | Found Kelaron's Lightly-Used Armoury.
  9232 | D:6      | Reached skill level 10 in Axes
  9232 | D:6      | Noticed Sigmund
  9723 | D:6      | Killed Sigmund
 10297 | D:6      | Noticed Grinder
 10307 | D:6      | Paralysed by Grinder for 6 turns
 10332 | D:6      | Killed Grinder
 10535 | D:6      | Bought a -3 executioner's axe for 1 gold piece
 10535 | D:6      | Bought a -3 double sword for 1 gold piece
 11013 | D:7      | Noticed Prince Ribbit
 11044 | D:7      | Killed Prince Ribbit
 11045 | D:7      | Reached skill level 11 in Axes
 11045 | D:7      | Reached skill level 5 in Dodging
 11944 | D:7      | Reached XP level 10. HP: 20/89 MP: 9/9
 12372 | D:7      | Noticed a seven-headed hydra
 12378 | D:7      | HP: 3/133 [nine-headed hydra (11)]
 12378 | D:7      | Slain by a nine-headed hydra

Illustrated notes

Levels and vault maps discovered:
D:1:      lightli_arrival_windingriver, layout_basic,
          ebering_ecumenical_altar_webs, minmay_tree_intersection,
          hangedman_decor_lopped, serial_bayou_pond_b, chequers_jeans
D:2:      layout_loops_cross, fountainhead, minmay_tetromino_s4
D:3:      layout_loops_ring, grunt_temple_overflow_open, due_unseen_surprise
D:4:      layout_loops_ring
D:5:      layout_loops_ring, minmay_temple_entry_large_hall, serial_shops, shop,
          biasface_ghost_orc_armoury, cheibrodos_sewer_entry_drain, minmay_puff
D:6:      layout_cave_pools, minmay_shop_damaged, uniq_grinder, uniq_sigmund,
          uniq_maggie
D:7:      layout_gridville, hellmonk_guarded_unrand_vines, uniq_prince_ribbit1,
          uniq_duvessa

Skill      XL: |  1  2  3  4  5  6  7  8  9 |
---------------+----------------------------+-----
Fighting       | 4 5 6 8 |  8.3
Axes           | 4 5 6 7 9 11 | 11.2
Dodging        | 3 4 5 |  5.1
Armour         | 3 4 5 6 8 9 |  9.7
Stealth        | 1 2 |  2.0
Short Blades   | |  0.8
Long Blades    | |  0.9

Action                   |  1- 3 |  4- 6 |  7- 9 | 10-12 || total
-------------------------+-------+-------+-------+-------++-------
Melee: Hand axe          |    72 |   130 |   248 |       ||   450
       Headbutt          |    12 |    16 |    61 |       ||    89
       Punch             |       |       |     6 |       ||     6
       Dagger            |       |       |    17 |       ||    17
       Executioner's axe |       |       |    28 |       ||    28
       Double sword      |       |       |    23 |     2 ||    25
       Morningstar       |       |       |     4 |       ||     4
Invok: Berserk           |     2 |     3 |     8 |     1 ||    14
       Trog's Hand       |       |       |       |     1 ||     1
  Use: Scroll            |       |     8 |     2 |       ||    10
       Potion            |       |       |     2 |       ||     2
Armor: Chain mail        |    45 |    73 |   104 |       ||   222
       Ring mail         |       |       |    83 |       ||    83
       Plate armour      |       |       |       |    19 ||    19
Dodge: Dodged            |    42 |    71 |   192 |     6 ||   311
